 Dungeon Crawl Stone Soup version 0.29.1-2-gbd0b4ee654 (webtiles) character file.

Game seed: 5197535856402797827

608 delverdown the Caller (level 7, 0/46 HPs)
             Began as a Barachi Summoner on Oct 31, 2022.
             Was a Believer of Nemelex Xobeh.
             Killed from afar by a white imp (6 damage)
             ... with a puff of frost
             ... summoned by Eustachio
             ... on level 4 of the Dungeon on Nov 1, 2022.
             The game lasted 00:46:08 (3519 turns).

delverdown the Caller (Barachi Summoner)            Turns: 3519, Time: 00:46:08

Health: 0/46       AC:  3    Str:  9    XL:     7   Next: 43%
Magic:  10/13      EV: 13    Int: 24    God:    Nemelex Xobeh [**....]
Gold:   218        SH:  0    Dex: 12    Spells: 1/14 levels left

rFire   . . .      SeeInvis .   k - +2 dagger (venom)
rCold   . . .      Faith    .   (no shield)
rNeg    . . .      Spirit   .   a - +0 robe
rPois   .          Reflect  .   v - +0 helmet
rElec   .          Harm     .   (no cloak)
rCorr   .          Rampage  .   (no gloves)
Will    .....                   (no boots)
Stlth   ++........              (no amulet)
HPRegen 0.15/turn               w - +6 ring of intelligence
MPRegen 0.13/turn               (no ring)

@: unable to hop, slow
A: amphibious, slowness 1, strong legs 1, +LOS
a: Hop, Renounce Religion, Draw Escape, Draw Destruction, Draw Summoning


You were on level 4 of the Dungeon.
You worshipped Nemelex Xobeh.
Nemelex Xobeh was pleased with you.
You visited 1 branch of the dungeon, and saw 4 of its levels.

You collected 218 gold pieces.

Inventory:

Hand Weapons
 c - a +0 mace
 h - a +0 dagger of draining
 k - a +2 dagger of venom (weapon)
 l - a +0 hand axe
 m - a +0 sling
 u - a +0 spear
Missiles
 i - a throwing net
 q - 5 boomerangs (quivered)
 s - 8 stones
Armour
 a - a +0 robe (worn)
 d - a +0 leather armour
 v - a +0 helmet (worn)
Jewellery
 w - a +6 ring of intelligence (left hand)
Wands
 t - a wand of polymorph (7)
Scrolls
 f - a scroll of teleportation {unknown}
 j - a scroll of noise {unknown}
 n - a scroll of brand weapon {unknown}
 o - a scroll of identify
 r - a scroll of amnesia {unknown}
 y - a scroll of poison {unknown}
Potions
 b - a potion of magic
 e - a potion of ambrosia
 p - a potion of heal wounds {unknown}
 x - a potion of might {unknown}


   Skills:
 + Level 4.6 Dodging
 - Level 2.5 Stealth
 + Level 4.3 Spellcasting
 + Level 1.3 Hexes
 + Level 6.6 Summonings
 + Level 2.6 Invocations


You had one spell level left.
You knew the following spells:

 Your Spells              Type           Power      Damage    Failure   Level
a - Summon Small Mammal   Summ           100%       N/A       1%          1
b - Call Imp              Summ           37%        N/A       1%          2
c - Call Canine Familiar  Summ           37%        N/A       1%          3
d - Summon Guardian Gole  Hex/Summ       24%        N/A       5%          3
e - Summon Lightning Spi  Summ/Air       21%        N/A       24%         4

Your spell library contained the following spells:

 Spells                   Type           Power      Damage    Failure   Level
 Slow                     Hex            44%        N/A       5%          1
 Confusing Touch          Hex            11%        N/A       16%         3
 Vampiric Draining        Necr           5%         2d6       28%         3
 Orb of Destruction       Conj           2%         9d5       100%        7
 Spellforged Servitor     Conj/Summ      10%        N/A       100%        7


Dungeon Overview and Level Annotations

Branches:
Dungeon (4/15)
 Temple: D:4-7

Altars:
Cheibriados
Nemelex Xobeh

Annotations:
D:4 Eustachio, Sigmund


Innate Abilities, Weirdness & Mutations

You are amphibious.
You cover ground slowly.
You can hop short distances.
You have an extended range of vision and can be seen from far away.


Message History

The crimson imp hits your guardian golem.
The white imp gestures at you. The puff of frost hits you!
* * * LOW HITPOINT WARNING * * *
Your hound barely misses the crimson imp.
You hit the jackal.
The jackal is poisoned.
The jackal is almost dead.
You kill the jackal!
Your bat hits Eustachio but does no damage.
Your hound closely misses the crimson imp.
Eustachio hits your bat with a +2 rapier of venom.
Your bat dies!
Your bat's corpse disappears in a puff of smoke!
The crimson imp hits your guardian golem but does no damage.
What are your orders? t - Croak!
Orders for allies: a - Attack new target. p - Attack previous target. r - Retreat! s - Stop attacking. g - Guard the area. f - Follow me.
Anything else - Cancel.
Gang up on whom?
Press: ? - help, Dir - move target, f/p - Eustachio
Aim: Eustachio, wielding a +2 rapier of venom and wearing a +0 leather armour (moderately wounded, very poisoned, ally target) Attack!
Your hound closely misses the crimson imp.
The white imp disappears for a moment.
The white imp hits you.
* * * LOW HITPOINT WARNING * * *
The white imp freezes you.
* * * LOW HITPOINT WARNING * * *
Your quokka closely misses Eustachio.
Your hound closely misses the crimson imp.
Your quokka barely misses Eustachio.
Eustachio mumbles some strange words.
Eustachio blinks!
The crimson imp hits your guardian golem but does no damage.
The white imp gestures at you. The puff of frost hits you.
You die...
Your body disappears without a glow.

........#...^# ............#
##......#......# #..##...#......♣
#............@♣
####.............♣
#....!.h55.......♣♣
##.......5r........♣♣
##.........9§@........P......
#..............#.....P..P.....
#...........###...$.P.......
##.#.........# .............
####..).........####.#...P......
#...............##...#.PP......P
##............#..........P......♣
#............####.........P......
........#...######......†P.....P.


You could see Eustachio (very poisoned, ally target), a crimson imp (summoned,
ally target), a white imp (summoned), a shadow imp (summoned), a friendly
guardian golem (summoned), a friendly hound (summoned, sheltered) and a friendly
quokka (summoned, sheltered).

Vanquished Creatures
  Grinder (D:3)
  2 orc wizards (D:3)
  2 adders
  A dart slug (D:1)
  3 orcs (D:3)
  5 bats
  3 endoplasms
  2 giant cockroaches
  8 goblins
  2 hobgoblins (D:1)
  5 jackals
  2 rats
36 creatures vanquished.

Vanquished Creatures (collateral kills)
  An ogre (D:4)
  2 jellies (D:4)
  An orc priest (D:3)
  A hound (D:4)
  Robin (D:3)
  An adder (D:2)
  A worm (D:4)
  A dart slug (D:4)
  6 orcs
  A bat (D:1)
  3 endoplasms
  8 goblins
  5 hobgoblins
  2 jackals (D:4)
  2 quokkas
  4 ball pythons
  4 frilled lizards
  3 kobolds
  2 rats
49 creatures vanquished.

Vanquished Creatures (others)
  37 plants (D:4)
37 creatures vanquished.

Grand Total: 122 creatures vanquished

Notes
Turn   | Place    | Note
-------+----------+-------------------------------------------
     0 | D:1      | delverdown the Barachi Summoner began the quest for the
                  | Orb.
     0 | D:1      | Reached XP level 1. HP: 13/13 MP: 3/3
   281 | D:1      | Reached XP level 2. HP: 14/19 MP: 3/5
   289 | D:1      | Learned a level 2 spell: Call Imp
   296 | D:1      | Reached skill level 5 in Summonings
   795 | D:1      | Reached XP level 3. HP: 24/24 MP: 4/6
  1130 | D:1      | Learned a level 3 spell: Call Canine Familiar
  1302 | D:2      | Found a faded altar of an unknown god.
  1318 | D:2      | Reached XP level 4. HP: 28/30 MP: 8/8
  1812 | D:2      | Prayed at the altar of an unknown god.
  1812 | D:2      | Became a worshipper of Nemelex Xobeh the Trickster
  1812 | D:2      | Reached * piety under Nemelex Xobeh
  1835 | D:3      | Received a gift from Nemelex Xobeh
  1857 | D:3      | Noticed a water moccasin
  1940 | D:3      | Reached XP level 5. HP: 24/35 MP: 5/9
  2100 | D:3      | Reached skill level 1 in Invocations
  2504 | D:3      | Noticed Robin
  2531 | D:3      | Killed Robin
  2678 | D:3      | Reached ** piety under Nemelex Xobeh
  2832 | D:3      | Noticed Grinder
  2875 | D:3      | Paralysed by Grinder for 3 turns
  2876 | D:3      | Killed Grinder
  2877 | D:3      | Reached skill level 6 in Summonings
  2877 | D:3      | Reached XP level 6. HP: 18/41 MP: 5/12
  2931 | D:3      | Learned a level 3 spell: Summon Guardian Golem
  3162 | D:4      | Found a snail-covered altar of Cheibriados.
  3172 | D:4      | Learned a level 4 spell: Summon Lightning Spire
  3265 | D:4      | Reached XP level 7. HP: 46/46 MP: 10/13
  3294 | D:4      | Reached skill level 1 in Hexes
  3299 | D:4      | Noticed Sigmund
  3481 | D:4      | Noticed Eustachio
  3519 | D:4      | Killed from afar by a white imp

Illustrated notes

Levels and vault maps discovered:
D:1:      onia_arrival_pyramid, layout_basic, nicolae_eternal_life
D:2:      layout_loops_ring, hellmonk_ecumenical_altar_pennies_from_heaven
D:3:      layout_loops_cross, minmay_misc_feat_alley, lightli_corner_chamber,
          uniq_robin, uniq_grinder
D:4:      wad_woods_pond, layout_cave_pools, kennysheep_slug_shrine,
          uniq_sigmund, uniq_eustachio

Skill      XL: |  1  2  3  4  5  6  7 |
---------------+----------------------+-----
Stealth        | 2 |  2.5
Summonings     | 5 6 |  6.6
Dodging        | 3 4 |  4.6
Spellcasting   | 3 4 |  4.3
Invocations    | 2 |  2.6
Hexes          | 1 |  1.3

Action                   |  1- 3 |  4- 6 |  7- 9 || total
-------------------------+-------+-------+-------++-------
Melee: Unarmed           |    22 |       |       ||    22
       Dagger            |    53 |    56 |    25 ||   134
       Punch             |       |     1 |     1 ||     2
Throw: Stone             |     6 |       |       ||     6
       Boomerang         |       |       |     2 ||     2
 Cast: Summon Small Mamm |    26 |     8 |     2 ||    36
       Call Imp          |     2 |     4 |     1 ||     7
       Call Canine Famil |       |     8 |     1 ||     9
       Summon Guardian G |       |       |     1 ||     1
 Abil: Hop               |       |       |     1 ||     1
  Use: Scroll            |       |     1 |       ||     1
       Potion            |       |       |     1 ||     1
 Stab: Sleeping          |       |     1 |       ||     1
Armor: Robe              |    21 |     9 |     7 ||    37
Dodge: Dodged            |    54 |    39 |    21 ||   114
